SA
GRAND FORKS CATERPILLARS @ WASHINGTON GENERALS
06/30/2027
 
TOP OF THE 1ST
Grand Forks Caterpillars batting - Pitching for Washington Generals : RHP Baruc Garibay
Pitching: RHP Baruc Garibay
Batting: LHB Michael Woodard 0-0: Ball
1-0: Ball
2-0: Fly out, F6 (Popup, 6MS)
Batting: SHB Leo Szilard 0-0: Ball
1-0: Ball
2-0: Foul Ball, location: 2F
2-1: Foul Ball, location: 2F
2-2: Foul Ball, location: 2F
2-2: Strikes out swinging
Batting: RHB Wu-shiun Wang 0-0: Called Strike
0-1: Called Strike
0-2: Ball
1-2: Foul Ball, location: 2F
1-2: Fly out, F9 (Flyball, 9)
Top of the 1st over - 0 run(s), 0 hit(s), 0 error(s), 0 left on base; Grand Forks 0 - Washington 0
BOTTOM OF THE 1ST
Washington Generals batting - Pitching for Grand Forks Caterpillars : RHP Hikaru Nakayama
Pitching: RHP Hikaru Nakayama
Batting: RHB David Tineo 0-0: Foul Ball, location: 2F
0-1: Ball
1-1: Swinging Strike
1-2: Foul Ball, location: 2F
1-2: Strikes out looking
Batting: RHB Jason Alston 0-0: Ball
1-0: Ball
2-0: Reached on error, E5 (Groundball, 56)
Batting: RHB Ken Bone 0-0: Ball
1-0: Called Strike
Jason Alston steals 2nd base
1-1: Called Strike
1-2: Ball
2-2: Ball
3-2: Base on Balls
Batting: LHB Ryan Marken 0-0: Ball
Jason Alston is caught stealing 3rd base
Ken Bone to second
1-0: Called Strike
1-1: Called Strike
1-2: Ground out 6-3 (Groundball, 6)
Bottom of the 1st over - 0 run(s), 0 hit(s), 1 error(s), 1 left on base; Grand Forks 0 - Washington 0
TOP OF THE 2ND
Grand Forks Caterpillars batting - Pitching for Washington Generals : RHP Baruc Garibay
Batting: LHB Alberto Garza 0-0: Ball
1-0: Ball
2-0: Foul Ball, location: 2F
2-1: Ground out 1-3 (Groundball, 13)
Batting: LHB Gary Malone 0-0: SINGLE (Flyball, 8RS)
Batting: RHB Elvis Norfleet 0-0: Ball
1-0: Foul Ball, location: 2F
1-1: Ball
2-1: Ball
3-1: Base on Balls
Gary Malone to second
Batting: RHB Craig Tricket 0-0: Grounds into double play, 5-4-3 (Groundball, 5)
Top of the 2nd over - 0 run(s), 1 hit(s), 0 error(s), 1 left on base; Grand Forks 0 - Washington 0
BOTTOM OF THE 2ND
Washington Generals batting - Pitching for Grand Forks Caterpillars : RHP Hikaru Nakayama
Batting: RHB Roberto Aguirre 0-0: Ground out 6-3 (Groundball, 6S)
Batting: RHB Brant Thigpen 0-0: Ball
1-0: Ball
2-0: Ball
3-0: Base on Balls
Batting: SHB Pedro Villarreal 0-0: Ball
1-0: Ball
2-0: Foul Ball, location: 2F
2-1: Foul Ball, location: 2F
2-2: SINGLE (Line Drive, 8RS)
Brant Thigpen to second
Batting: RHB Thom Reppond 0-0: Reached on error, E5 (Groundball, 5L)
Brant Thigpen to third
Pedro Villarreal to second
Batting: RHB Chad Silander 0-0: DOUBLE (Line Drive, 89D)
Brant Thigpen scores
Pedro Villarreal scores
Thom Reppond to third
Batting: RHB David Tineo 0-0: Ball
1-0: Ball
2-0: Called Strike
2-1: Fly out, F7 (Flyball, 7)
Runner from 3rd tags up, SCORES, throw made
Batting: RHB Jason Alston 0-0: Fly out, F8 (Line Drive, 8LM)
Bottom of the 2nd over - 3 run(s), 2 hit(s), 1 error(s), 1 left on base; Grand Forks 0 - Washington 3
TOP OF THE 3RD
Grand Forks Caterpillars batting - Pitching for Washington Generals : RHP Baruc Garibay
Batting: LHB Mike Goff 0-0: Called Strike
0-1: Called Strike
0-2: Strikes out swinging
Batting: RHB Dolla Head 0-0: Foul Ball, location: 2F
0-1: Ball
1-1: Swinging Strike
1-2: Strikes out swinging
Batting: LHB Michael Woodard 0-0: Called Strike
0-1: Ball
1-1: Swinging Strike
1-2: Strikes out swinging
Top of the 3rd over - 0 run(s), 0 hit(s), 0 error(s), 0 left on base; Grand Forks 0 - Washington 3
BOTTOM OF THE 3RD
Washington Generals batting - Pitching for Grand Forks Caterpillars : RHP Hikaru Nakayama
Batting: RHB Ken Bone 0-0: Ball
1-0: Ball
2-0: Called Strike
2-1: Swinging Strike
2-2: Fly out, F9 (Flyball, 9S)
Batting: LHB Ryan Marken 0-0: Ball
1-0: Foul Ball, location: 2F
1-1: Ball
2-1: Ball
3-1: Foul Ball, location: 2F
3-2: DOUBLE (Line Drive, 7LM)
Batting: RHB Roberto Aguirre 0-0: Ball
Ryan Marken steals 3rd base
1-0: DOUBLE (Line Drive, 89M)
Ryan Marken scores
Batting: RHB Brant Thigpen 0-0: Ball
1-0: Ball
2-0: Ball
3-0: Called Strike
3-1: Called Strike
3-2: Base on Balls
Batting: SHB Pedro Villarreal 0-0: Ball
1-0: Called Strike
1-1: Ball
2-1: Fly out, F7 (Flyball, 7S)
Batting: RHB Thom Reppond 0-0: Foul Ball, location: 2F
0-1: Fly out, F8 (Flyball, 8RM)
Bottom of the 3rd over - 1 run(s), 2 hit(s), 0 error(s), 2 left on base; Grand Forks 0 - Washington 4
TOP OF THE 4TH
Grand Forks Caterpillars batting - Pitching for Washington Generals : RHP Baruc Garibay
Batting: SHB Leo Szilard 0-0: Ball
1-0: Called Strike
1-1: Fly out, F7 (Line Drive, 7LM)
Batting: RHB Wu-shiun Wang 0-0: Fly out, F8 (Flyball, 8LM)
Batting: LHB Alberto Garza 0-0: SINGLE (Groundball, 4MD)
Batting: LHB Gary Malone 0-0: Ball
1-0: Foul Ball, location: 2F
1-1: Ball
2-1: Called Strike
2-2: Strikes out swinging
Top of the 4th over - 0 run(s), 1 hit(s), 0 error(s), 1 left on base; Grand Forks 0 - Washington 4
BOTTOM OF THE 4TH
Washington Generals batting - Pitching for Grand Forks Caterpillars : RHP Hikaru Nakayama
Batting: RHB Chad Silander 0-0: Called Strike
0-1: Called Strike
0-2: Strikes out swinging passed ball, reaches first!
Batting: RHB David Tineo 0-0: Grounds into double play, 6-4-3 (Groundball, 6)
Batting: RHB Jason Alston 0-0: Ball
1-0: Ground out 6-3 (Groundball, 6M)
Bottom of the 4th over - 0 run(s), 0 hit(s), 0 error(s), 0 left on base; Grand Forks 0 - Washington 4
TOP OF THE 5TH
Grand Forks Caterpillars batting - Pitching for Washington Generals : RHP Baruc Garibay
Batting: RHB Elvis Norfleet 0-0: Ball
1-0: Ball
2-0: Called Strike
2-1: Called Strike
2-2: Ground out 5-3 (Groundball, 56)
Batting: RHB Craig Tricket 0-0: Called Strike
0-1: Ball
1-1: Ball
2-1: Swinging Strike
2-2: Foul Ball, location: 2F
2-2: Strikes out swinging
Batting: LHB Mike Goff 0-0: SINGLE (Groundball, 34D)
Batting: RHB Dolla Head 0-0: Ground out 1-3 (Groundball, 13)
Top of the 5th over - 0 run(s), 1 hit(s), 0 error(s), 1 left on base; Grand Forks 0 - Washington 4
BOTTOM OF THE 5TH
Washington Generals batting - Pitching for Grand Forks Caterpillars : RHP Hikaru Nakayama
Batting: RHB Ken Bone 0-0: SINGLE (Groundball, 4MD)
Batting: LHB Ryan Marken 0-0: Ball
1-0: Ball
2-0: Ball
3-0: Called Strike
3-1: Foul Ball, location: 2F
3-2: Fly out, F6 (Line Drive, 6)
Batting: RHB Roberto Aguirre 0-0: Called Strike
0-1: Ball
1-1: Foul Ball, location: 2F
1-2: Ball
2-2: Ball
3-2: Fly out, F9 (Line Drive, 9)
Batting: RHB Brant Thigpen 0-0: Foul Ball, location: 2F
0-1: Ball
1-1: Ball
2-1: Ball
3-1: Base on Balls
Ken Bone to second
Batting: SHB Pedro Villarreal 0-0: Foul Ball, location: 2F
0-1: Fly out, F9 (Line Drive, 9)
Bottom of the 5th over - 0 run(s), 1 hit(s), 0 error(s), 2 left on base; Grand Forks 0 - Washington 4
TOP OF THE 6TH
Grand Forks Caterpillars batting - Pitching for Washington Generals : RHP Baruc Garibay
Batting: LHB Michael Woodard 0-0: Foul Ball, location: 2F
0-1: Called Strike
0-2: Strikes out swinging
Batting: SHB Leo Szilard 0-0: Fly out, F7 (Flyball, 78M)
Batting: RHB Wu-shiun Wang 0-0: Called Strike
0-1: Ball
1-1: SINGLE (Line Drive, 78S)
Batting: LHB Alberto Garza 0-0: Swinging Strike
0-1: Foul Ball, location: 2F
0-2: Ball
1-2: Ball
Wu-shiun Wang is caught stealing 2nd base
Top of the 6th over - 0 run(s), 1 hit(s), 0 error(s), 0 left on base; Grand Forks 0 - Washington 4
BOTTOM OF THE 6TH
Washington Generals batting - Pitching for Grand Forks Caterpillars : RHP Hikaru Nakayama
Pitching: RHP Jesús Sánchez
Batting: RHB Thom Reppond 0-0: Ball
1-0: Ball
2-0: Called Strike
2-1: Called Strike
2-2: Ball
3-2: Strikes out swinging, 2-3 out at first.
Batting: RHB Chad Silander 0-0: Called Strike
0-1: Swinging Strike
0-2: Ball
1-2: Ball
2-2: Ground out 5-3 (Groundball, 56)
Batting: RHB David Tineo 0-0: Ball
1-0: Ball
2-0: SINGLE (Line Drive, 5D)
Batting: RHB Jason Alston 0-0: Ball
1-0: Called Strike
1-1: Hit by Pitch
David Tineo to second
Batting: RHB Ken Bone 0-0: Called Strike
0-1: Foul Ball, location: 2F
0-2: Fly out, F6 (Popup, 6D)
Bottom of the 6th over - 0 run(s), 1 hit(s), 0 error(s), 2 left on base; Grand Forks 0 - Washington 4
TOP OF THE 7TH
Grand Forks Caterpillars batting - Pitching for Washington Generals : RHP Baruc Garibay
Batting: LHB Alberto Garza 0-0: SINGLE (Groundball, 4MD)
Batting: LHB Gary Malone 0-0: Ball
1-0: Foul Ball, location: 2F
1-1: Foul Ball, location: 2F
1-2: Foul Ball, location: 2F
1-2: Ground out U3 (Groundball, 3)
Alberto Garza to second
Batting: RHB Elvis Norfleet 0-0: Swinging Strike
0-1: Swinging Strike
0-2: Strikes out swinging
Batting: RHB Craig Tricket 0-0: Fly out, F9 (Line Drive, 9)
Top of the 7th over - 0 run(s), 1 hit(s), 0 error(s), 1 left on base; Grand Forks 0 - Washington 4
BOTTOM OF THE 7TH
Washington Generals batting - Pitching for Grand Forks Caterpillars : RHP Jesús Sánchez
Batting: LHB Ryan Marken 0-0: Called Strike
0-1: Swinging Strike
0-2: Strikes out looking
Batting: RHB Roberto Aguirre 0-0: Ball
1-0: Ball
2-0: Called Strike
2-1: Called Strike
2-2: Foul Ball, location: 2F
2-2: Ball
3-2: Base on Balls
Pitching: RHP Tyler Carter
Batting: RHB Brant Thigpen 0-0: Swinging Strike
0-1: Foul Ball, location: 2F
0-2: Ball
1-2: Ball
Wild Pitch!
Roberto Aguirre to second
2-2: Foul Ball, location: 2F
2-2: Strikes out looking
Batting: SHB Pedro Villarreal 0-0: Intentional Walk
Batting: RHB Thom Reppond 0-0: Swinging Strike
0-1: DOUBLE (Line Drive, 7D)
Roberto Aguirre scores
Pedro Villarreal to third
Batting: RHB Chad Silander 0-0: Foul Ball, location: 2F
0-1: Ball
1-1: Ball
2-1: Ball
3-1: Base on Balls
Batting: RHB David Tineo 0-0: Ball
1-0: Foul Ball, location: 2F
1-1: SINGLE (Line Drive, 34)
Pedro Villarreal scores
Thom Reppond to third
Chad Silander to second
Runner from 3rd tries for Home, SAFE, no throw
Batting: RHB Jason Alston 0-0: Called Strike
0-1: Called Strike
0-2: Foul Ball, location: 2F
0-2: Foul Ball, location: 2F
0-2: Ground out 6-3 (Groundball, 56)
Bottom of the 7th over - 3 run(s), 2 hit(s), 0 error(s), 2 left on base; Grand Forks 0 - Washington 7
TOP OF THE 8TH
Grand Forks Caterpillars batting - Pitching for Washington Generals : RHP Baruc Garibay
Now at 2B: Ricardo Sandoval
Batting: LHB Mike Goff 0-0: Called Strike
0-1: Fly out, F9 (Flyball, 9)
Batting: RHB Dolla Head 0-0: Called Strike
0-1: Fly out, F9 (Flyball, 89S)
Batting: LHB Michael Woodard 0-0: Called Strike
0-1: Foul Ball, location: 2F
0-2: Ball
1-2: Ball
2-2: Strikes out swinging
Top of the 8th over - 0 run(s), 0 hit(s), 0 error(s), 0 left on base; Grand Forks 0 - Washington 7
BOTTOM OF THE 8TH
Washington Generals batting - Pitching for Grand Forks Caterpillars : RHP Tyler Carter
Batting: RHB Ken Bone 0-0: Ground out 5-3 (Groundball, 5)
Batting: LHB Ryan Marken 0-0: Called Strike
0-1: Called Strike
0-2: Ground out 4-3 (Groundball, 4)
Batting: RHB Roberto Aguirre 0-0: Called Strike
0-1: SINGLE (Line Drive, 6D)
Pitching: LHP Felipe Casanova
Batting: RHB Brant Thigpen 0-0: Called Strike
0-1: SINGLE (Line Drive, 8RS)
Roberto Aguirre to second
Runner from 2nd tries for 3rd, SAFE, no throw
Batting: SHB Pedro Villarreal 0-0: Foul Ball, location: 2F
0-1: Foul Ball, location: 2F
0-2: Ball
1-2: Foul Ball, location: 2F
1-2: Fielders Choice at 2nd, 6-4 (Groundball, 6)
Bottom of the 8th over - 0 run(s), 2 hit(s), 0 error(s), 1 left on base; Grand Forks 0 - Washington 7
TOP OF THE 9TH
Grand Forks Caterpillars batting - Pitching for Washington Generals : RHP Baruc Garibay
Now at C: Manny Cardoza
Batting: SHB Leo Szilard 0-0: Ground out 4-3 (Groundball, 4)
Batting: RHB Wu-shiun Wang 0-0: Ground out 5-3 (Groundball, 5L)
Batting: LHB Alberto Garza 0-0: Ball
1-0: Called Strike
1-1: Foul Ball, location: 2F
1-2: Ball
2-2: Foul Ball, location: 2F
2-2: Ball
3-2: Ground out 6-3 (Groundball, 6)
Top of the 9th over - 0 run(s), 0 hit(s), 0 error(s), 0 left on base; Grand Forks 0 - Washington 7
Saturday, May 26th, 2018 - OOTP Baseball 17.12 Build 75